 Dungeon Crawl Stone Soup version 0.23.2-30-g0e89c35649 (webtiles) character file.

Game seed: 4794008371151081909

79 Brecoman the Charmwright (level 4, -5/35 HPs)
             Began as a Barachi Skald on June 20, 2019.
             Slain by an ice beast (9 damage)
             ... on level 2 of the Dungeon.
             The game lasted 00:05:55 (2114 turns).

Brecoman the Charmwright (Barachi Skald)            Turns: 2114, Time: 00:05:56

Health: -5/35      AC:  3    Str: 13    XL:     4   Next: 37%
Magic:  8/8        EV: 12    Int: 14    God:
Gold:   52         SH:  0    Dex: 11    Spells: 7/8 levels left

rFire    . . .     SeeInvis .   a - +0 falchion
rCold    . . .     Gourm    .   (no shield)
rNeg     . . .     Faith    .   b - +0 leather armour
rPois    .         Spirit   .   (no helmet)
rElec    .         Reflect  .   (no cloak)
rCorr    .         Harm     .   (no gloves)
MR       .....                  (no boots)
Stlth    +.........             (no amulet)
HPRegen  0.11/turn              (no ring)
MPRegen  0.11/turn              (no ring)

@: can't hop, slow
A: +LOS, swims, slowness 1, strong legs 1
a: Hop


You were on level 2 of the Dungeon.
You were not hungry.

You visited 1 branch of the dungeon, and saw 2 of its levels.

You collected 52 gold pieces.

Inventory:

Hand Weapons
 a - a +0 falchion (weapon)
Missiles
 h - 55 stones
 k - 8 tomahawks (quivered)
Armour
 b - a +0 leather armour (worn)
Scrolls
 c - a scroll of enchant weapon {unknown}
 e - a scroll of amnesia {unknown}
 f - 2 scrolls of teleportation {unknown}
 j - 2 scrolls of identify {unknown}
 l - a scroll of remove curse {unknown}
 n - a scroll of enchant armour {unknown}
 p - a scroll of magic mapping {unknown}
Potions
 g - 2 potions of might {unknown}
 i - a potion of ambrosia {unknown}
 m - a potion of curing {unknown}
 q - a potion of flight {unknown}
Comestibles
 d - a ration


   Skills:
 + Level 3.2 Fighting
 + Level 3.1 Long Blades
 + Level 2.3 Armour
 - Level 2.1 Dodging
 + Level 2.8 Spellcasting
 + Level 3.8 Charms


You had 7 spell levels left.
You knew the following spells:

 Your Spells              Type           Power        Failure   Level  Hunger
a - Infusion              Chrm           ##..         5%          1    #......

Your spell library contained the following spells:

 Spells                   Type           Power        Failure   Level  Hunger
 Song of Slaying          Chrm           ##......     9%          2    ###....
 Shroud of Golubria       Chrm/Tloc      #.........   19%         2    ###....
 Regeneration             Chrm/Necr      #.........   36%         3    ###....
 Spectral Weapon          Hex/Chrm       #.......     36%         3    ###....


Dungeon Overview and Level Annotations

Branches:
Dungeon (2/15)

Altars:


Innate Abilities, Weirdness & Mutations

Shadows flee at your approach. (+LOS)
You can swim through water.
You cover ground slowly.
You can hop short distances.


Message History

You hit the hobgoblin.
You kill the hobgoblin!
An ice beast comes into view.
The ice beast moves out of view.
You see here a +0 club.
The ice beast hits you. The ice beast freezes you!
You closely miss the ice beast. The ice beast hits you.
The ice beast freezes you! The ice beast hits you. The ice beast freezes you.
* * * LOW HITPOINT WARNING * * *
You see here a +0 club.
Hop to where?
Press: ? - help, Dir - move target cursor Boing!
All of the chunks of flesh in your inventory have rotted away.
You see here a club.
The ice beast hits you.
* * * LOW HITPOINT WARNING * * *
The ice beast freezes you!
You die...

#.###..# #.#
#####..# #)#
.......# #.#
######.# #.#
######.# #.#
.......# #####.#
######## #.....#
...# #Y##### ##.#
#@# ...# #.# .###
#.###### .# #......#
.# ######.# .#
##################.#
.#
#..............<##.#
.#
#.################.#
.# #.# #(#


You could see an ice beast.

Vanquished Creatures
  Natasha (D:2)
  An adder (D:2)
  4 dart slugs
  4 leopard geckos
  3 bats
  A giant cockroach (D:1)
  A goblin (D:1)
  3 hobgoblins
  6 kobolds
  A quokka (D:2)
  3 frilled lizards
  7 rats
35 creatures vanquished.

Notes
Turn   | Place    | Note
-------+----------+-------------------------------------------
     0 | D:1      | Brecoman the Barachi Skald began the quest for the Orb.
     0 | D:1      | Reached XP level 1. HP: 17/17 MP: 3/3
   199 | D:1      | Reached XP level 2. HP: 21/23 MP: 0/5
   802 | D:1      | Reached XP level 3. HP: 25/28 MP: 6/6
  1920 | D:2      | Noticed Natasha
  1925 | D:2      | Killed Natasha
  1925 | D:2      | Reached XP level 4. HP: 34/35 MP: 8/8
  2086 | D:2      | Noticed an ice beast
  2114 | D:2      | Slain by an ice beast

Skill      XL: |  1  2  3 |
---------------+----------+-----
Fighting       | 3 |  3.2
Armour         | 2 |  2.3
Long Blades    | 3 |  3.1
Dodging        | |  2.1
Spellcasting   | |  2.8
Charms         | |  3.8

Action                   |  1- 3 |  4- 6 || total
-------------------------+-------+-------++-------
Melee: Falchion          |    93 |     9 ||   102
Throw: Tomahawk          |     2 |     1 ||     3
 Cast: Infusion          |     8 |       ||     8
 Abil: Hop               |       |     1 ||     1
  Eat: Chunk             |     3 |     2 ||     5
Armor: Leather armour    |    19 |     3 ||    22
Dodge: Dodged            |    77 |     1 ||    78
       Rpst.: Falchion   |    19 |       ||    19
